 Dungeon Crawl Stone Soup version 0.28.0-53-g5a82cb258f (webtiles) character file.

Game seed: 14800555834226731927

116 Zeld the Skirmisher (level 4, 0/41 HPs)
             Began as a Minotaur Berserker on May 23, 2022.
             Was a Believer of Trog.
             Slain by a gnoll
             ... wielding a +0 spear
              (6 damage)
             ... on level 3 of the Dungeon.
             The game lasted 00:01:42 (1965 turns).

Zeld the Skirmisher (Minotaur Berserker)            Turns: 1965, Time: 00:01:43

Health: 0/41       AC:  4    Str: 23    XL:     4   Next: 69%
Magic:  3/3        EV: 12    Int:  4    God:    Trog [**....]
Gold:   53         SH:  0    Dex: 10    Spells: 3/3 levels left

rFire   . . .      SeeInvis .   a - +0 hand axe
rCold   . . .      Faith    .   (no shield)
rNeg    . . .      Spirit   .   b - +0 animal skin
rPois   .          Reflect  .   (helmet restricted)
rElec   .          Harm     .   (no cloak)
rCorr   .          Rampage  .   (no gloves)
Will    .....                   d - +1 pair of boots
Stlth   +.........              (no amulet)
HPRegen 0.13/turn               (no ring)
MPRegen 0.08/turn               (no ring)

@: no status effects
A: horns 2, retaliatory headbutt
a: Renounce Religion, Berserk, Trog's Hand


You were on level 3 of the Dungeon.
You worshipped Trog.
Trog was pleased with you.
You visited 1 branch of the dungeon, and saw 3 of its levels.

You collected 53 gold pieces.

Inventory:

Hand Weapons
 a - a +0 hand axe (weapon)
Armour
 b - a +0 animal skin (worn)
 d - a +1 pair of boots (worn)
 i - a +0 pair of boots
Scrolls
 e - a scroll of identify {unknown}
 f - a scroll of noise {unknown}
 g - a scroll of fear {unknown}
 h - a scroll of teleportation {unknown}
Potions
 c - a potion of flight {unknown}


   Skills:
 * Level 4.8 Fighting
 * Level 4.8 Axes
 + Level 3.2 Armour
 + Level 3.0 Dodging


You had 3 spell levels left.
You didn't know any spells.
Your spell library was empty.

Dungeon Overview and Level Annotations

Branches:
Dungeon (3/15)

Altars:
Makhleb


Innate Abilities, Weirdness & Mutations

You have a pair of horns on your head.
You reflexively headbutt those who attack you in melee.


Message History

Trog accepts your kill. The gnoll hits you with a +0 spear.
A goblin comes into view. It is wielding a +0 club.
You see here a +0 halberd.
You hit the gnoll.
The gnoll is lightly wounded.
The gnoll barely misses you.
You closely miss the gnoll.
The gnoll is lightly wounded.
You barely miss the gnoll. You headbutt the gnoll.
The gnoll is moderately wounded.
The gnoll hits you from afar with a +0 spear.
You closely miss the gnoll.
The gnoll is moderately wounded.
The gnoll hits you with a +0 club.
The gnoll hits you from afar with a +0 spear.
You hit the gnoll.
The gnoll is severely wounded.
The gnoll hits you with a +0 club. The gnoll misses you.
You barely miss the gnoll. You headbutt the gnoll.
You kill the gnoll!
Trog accepts your kill.
The gnoll hits you from afar with a +0 spear.
Your Dodging skill increases to level 3!
You hit the gnoll.
The gnoll is moderately wounded.
The gnoll closely misses you.
The gnoll hits you from afar with a +0 spear.
You are too injured to fight recklessly!
You hit the gnoll.
The gnoll is severely wounded.
The gnoll hits you with a +0 club! The gnoll misses you. x2
You barely miss the gnoll. Your headbutt misses the gnoll.
The gnoll is severely wounded.
The gnoll hits you from afar with a +0 spear.
* * * LOW HITPOINT WARNING * * *
The gnoll hits you with a +0 club.
* * * LOW HITPOINT WARNING * * *
The gnoll hits you from afar with a +0 spear.
You die...

##<## #.#
#.#
#######.#
#.......#
#.#####.#
#.# #.#
#@# #g#


gg# ##.# #.. ##. # You could see 2 gnolls and a goblin.

Vanquished Creatures
  5 adders
  2 gnolls (D:3)
  2 dart slugs (D:1)
  6 endoplasms
  3 giant cockroaches
  3 goblins
  3 hobgoblins
  2 kobolds
  4 quokkas
  7 ball pythons
  A bat (D:1)
  9 frilled lizards
  2 rats (D:2)
49 creatures vanquished.

Vanquished Creatures (others)
  3 plants (D:2)
3 creatures vanquished.

Grand Total: 52 creatures vanquished

Notes
Turn   | Place    | Note
-------+----------+-------------------------------------------
     0 | D:1      | Zeld the Minotaur Berserker began the quest for the Orb.
     0 | D:1      | Reached XP level 1. HP: 19/19 MP: 0/0
   124 | D:1      | Reached XP level 2. HP: 18/27 MP: 1/1
   501 | D:1      | Found a faded altar of an unknown god.
   876 | D:2      | Reached XP level 3. HP: 33/33 MP: 2/2
  1037 | D:2      | Reached ** piety under Trog
  1373 | D:2      | Found a burning altar of Makhleb.
  1470 | D:2      | Reached XP level 4. HP: 27/41 MP: 3/3
  1965 | D:3      | Slain by a gnoll

Illustrated notes

Levels and vault maps discovered:
D:1:      ncdulo_halloftheorcs, layout_basic,
          shapermc_ecumenical_altar_mp_vishouse, serial_bayou_pond_c,
          columned_hall_lemuel, amcnicky_mini_pool_small, chequers_arboretum,
          wad_floor_pattern_2
D:2:      layout_loops_ring, basic_altar, minmay_lizard_king
D:3:      layout_loops_ring, dancing_weapons_uskayaw, dk_noncrumbling_3,
          nrook_mini_backslash, uniq_natasha, uniq_jessica

Skill      XL: |  1  2  3  4 |
---------------+-------------+-----
Fighting       | 4 |  4.8
Axes           | 4 |  4.8
Armour         | 3 |  3.2
Dodging        | 3 |  3.0

Action                   |  1- 3 |  4- 6 || total
-------------------------+-------+-------++-------
Melee: Hand axe          |    97 |    28 ||   125
       Headbutt          |    10 |     5 ||    15
       Punch             |       |     1 ||     1
Armor: Animal skin       |    21 |     6 ||    27
Dodge: Dodged            |    71 |    15 ||    86
